 Dungeon Crawl Stone Soup version 0.22-a0-538-g76cc104 (webtiles) character file.

59 kae the Insei (level 3, -1/27 HPs)
             Began as a Demonspawn Transmuter on June 23, 2018.
             Slain by a hobgoblin
             ... wielding a +0 club
              (4 damage)
             ... on level 1 of the Dungeon.
             The game lasted 00:00:58 (1293 turns).

kae the Insei (Demonspawn Transmuter)               Turns: 1293, Time: 00:00:58

Health: -1/27      AC:  3    Str:  9 (10) XL:     3   Next: 78%
Magic:  5/6        EV: 12    Int: 12 (14) God:
Gold:   9          SH:  0    Dex: 13 (14) Spells: 0/6 levels left

rFire    . . .     SeeInvis .   e - +0 club
rCold    . . .     Gourm    .   (no shield)
rNeg     . . .     Faith    .   b - +1 robe
rPois    .         Spirit   .   (no helmet)
rElec    .         Reflect  .   (no cloak)
rCorr    .         Harm     .   (no gloves)
MR       .....                  (no boots)
Stlth    +.........             (no amulet)
HPRegen  0.09/turn              (no ring)
MPRegen  0.10/turn              (no ring)

@: lethally poisoned (-1 -> -9), hasted, very quick
A: hooves 1
a: no special abilities


You were on level 1 of the Dungeon.
You were hungry.

You visited 1 branch of the dungeon, and saw 2 of its levels.

You collected 9 gold pieces.

Inventory:

Hand Weapons
 e - a +0 club (weapon)
Missiles
 a - 12 arrows
Armour
 b - a +1 robe (worn)
Scrolls
 f - a scroll of enchant armour
Comestibles
 d - a ration


   Skills:
 + Level 1.7 Fighting
 - Level 1.7 Dodging
 * Level 3.3 Unarmed Combat
 + Level 2.3 Spellcasting
 * Level 2.5 Transmutations


You couldn't memorise any spells.
You knew the following spells:

 Your Spells              Type           Power        Failure   Level  Hunger
a - Beastly Appendage     Tmut           #.....       10%         1    ##.....
b - Sticks to Snakes      Tmut           #.......     14%         2    ###....
c - Spider Form           Tmut/Pois      #.........   43%         3    ####...

Your spell library contained the following spells:

 Spells                   Type           Power        Failure   Level  Hunger
 Blade Hands              Tmut           #.........   95%         5    ######.
 Ice Form                 Ice/Tmut       #.......     83%         4    #####..


Dungeon Overview and Level Annotations

Branches:
Dungeon (2/15)

Altars:


Innate Abilities, Weirdness & Mutations

You have large cloven feet.


Message History

You feel sick. The adder barely misses you. The hobgoblin closely misses you.
The adder bites you but does no damage. The hobgoblin hits you with a club.
It was a potion of degeneration.
There was something very wrong with that liquid.
You feel weakened.
You feel dopey.
You feel clumsy. The adder barely misses you.
You feel yourself speed up.
You feel sick. The adder bites you.
* * * LOW HITPOINT WARNING * * *
The hobgoblin hits you with a club.
* * * LOW HITPOINT WARNING * * *
You hit the hobgoblin but do no damage. The adder closely misses you.
The hobgoblin closely misses you. The adder bites you.
* * * LOW HITPOINT WARNING * * *
You are lethally poisoned!
The adder poisons you!
You barely miss the hobgoblin. You kick the hobgoblin.
The hobgoblin is moderately wounded.
* * * LOW HITPOINT WARNING * * *
You feel sick. The hobgoblin hits you with a club.
You die...

#.#.##### #.#.# ##.#.#####
.....#...# ##.#.#...###########
.........'.........#
######...#########.#
######...#########.#############
...............S@g.............#
##################.###########.##
#.## #... #..#############
#..##........... ##..#.##########
#..#.#.....#... #..#.#.###.#.##
##...#...#.#.#


You could see an adder and a hobgoblin.

Vanquished Creatures
  An orc priest (D:1)
  A dart slug (D:1)
  3 leopard geckos (D:1)
  A giant cockroach (D:1)
  4 goblins
  3 hobgoblins (D:1)
  2 bats (D:1)
  A frilled lizard (D:1)
  4 kobolds (D:1)
  5 rats (D:1)
25 creatures vanquished.

Notes
Turn   | Place    | Note
-------+----------+-------------------------------------------
     0 | D:1      | kae the Demonspawn Transmuter began the quest for the Orb.
     0 | D:1      | Reached XP level 1. HP: 15/15 MP: 3/3
   306 | D:1      | Gained mutation: You have large cloven feet. [demonic ancestry]
   306 | D:1      | Reached XP level 2. HP: 21/21 MP: 5/5
   346 | D:1      | Learned a level 2 spell: Sticks to Snakes
   419 | D:1      | Reached skill level 3 in Unarmed Combat
  1019 | D:1      | Reached XP level 3. HP: 8/26 MP: 6/6
  1242 | D:1      | Learned a level 3 spell: Spider Form
  1293 | D:1      | Slain by a hobgoblin

Vault maps used:
D:1:      dpeg_arrival_line_fractal
D:2:      lemuel_round_altar, first_ration, grunt_dithmenos_smoke_and_mirrors

Skill      XL: |  1  2 |
---------------+-------+-----
Transmutations | 2 |  2.5
Unarmed Combat | 3 |  3.3
Fighting       | |  1.7
Dodging        | |  1.7
Spellcasting   | |  2.3

Action                   || total
-------------------------++-------
Melee: Club              ||    82
       Unarmed           ||    10
       Headbutt          ||     4
       Kick              ||    12
       Punch             ||     1
 Cast: Beastly Appendage ||     6
       Spider Form       ||     1
  Use: Scroll            ||     2
       Potion            ||     2
  Eat: Chunk             ||     1
Armor: Robe              ||    14
       Skin              ||     2
Dodge: Dodged            ||    77

Table legend:
 A = Spawn XP
 B = Non-spawn XP
 C = Spawn XP percentage of total XP
 D = Spawn monster count
 E = Non-spawn monster count
 F = Spawn count percentage of total count
 G = Total turns spent on level
                    A         B        C        D         E        F      G
               +---------+---------+-------+---------+---------+-------+---------
         Total |       0 |      85 |   0.0 |       0 |      25 |   0.0 |  1293
               +---------+---------+-------+---------+---------+-------+---------
           D:1 |       0 |      83 |   0.0 |       0 |      24 |   0.0 |  1278
           D:2 |       0 |       2 |   0.0 |       0 |       1 |   0.0 |    15
               +---------+---------+-------+---------+---------+-------+---------
